 Dungeon Crawl Stone Soup version 0.29-a0-231-g945431f764 (webtiles) character file.

Game seed: 7703135683017819370

26 HotDog the Skirmisher (level 3, -1/43 HPs)
             Began as a Merfolk Fighter on Mar 1, 2022.
             Slain by an adder (3 damage)
             ... on level 3 of the Dungeon.
             The game lasted 00:01:03 (1215 turns).

HotDog the Skirmisher (Merfolk Fighter)             Turns: 1215, Time: 00:01:03

Health: -1/43      AC: 21    Str: 18    XL:     3   Next: 8%
Magic:  3/3        EV:  2    Int:  7    God:
Gold:   88         SH:  5    Dex: 13    Spells: 2/2 levels left

rFire   + + .      SeeInvis .   a - +0 trident
rCold   + . .      Faith    .   c - +0 buckler
rNeg    . . .      Spirit   .   (body armour currently unavailable)
rPois   +          Reflect  .   (helmet currently unavailable)
rElec   +          Harm     .   (cloak currently unavailable)
rCorr   +          Rampage  .   (gloves currently unavailable)
Will    .....      NoTele   +   (boots currently unavailable)
Stlth   +.........              (no amulet)
HPRegen 0.14/turn               j - ring of protection from fire
MPRegen 0.08/turn               (no ring)

@: tree-form, resistant
A: stationary, stasis, torment immunity, boosted hp, (nimble swimmer 2),
(mertail)
a: no special abilities


You were on level 3 of the Dungeon.
You were a tree.
You visited 1 branch of the dungeon, and saw 3 of its levels.

You collected 88 gold pieces.

Inventory:

Hand Weapons
 a - a +0 trident (weapon)
Armour
 b - a +0 scale mail (melded)
 c - a +0 buckler (worn)
Jewellery
 j - a ring of protection from fire (left branch)
Scrolls
 e - 2 scrolls of enchant armour {unknown}
 f - a scroll of magic mapping {unknown}
 g - 4 scrolls of identify {unknown}
 k - a scroll of torment {unknown}
 l - a scroll of vulnerability {unknown}
 m - a scroll of enchant weapon {unknown}
Potions
 d - 3 potions of might


   Skills:
 * Level 3.6 Fighting
 * Level 3.0 Polearms
 + Level 2.3 Armour
 * Level 0.7 Dodging
 * Level 3.3 Shields
 * Level 0.7 Invocations


You had 2 spell levels left.
You didn't know any spells.
Your spell library contained the following spells:

 Spells                   Type           Power      Damage    Failure   Level
 Ignite Poison            Fire/Tmut/Pois 0%         N/A       88%         3
 Inner Flame              Hex/Fire       0%         N/A       88%         3
 Mephitic Cloud           Conj/Pois/Air  0%         N/A       88%         3
 Cause Fear               Hex            0%         N/A       99%         4
 Freezing Cloud           Conj/Ice/Air   0%         6-21      100%        5
 Discord                  Hex            0%         N/A       100%        8


Dungeon Overview and Level Annotations

Branches:
Dungeon (3/15)

Altars:

Annotations:
D:2 Robin


Innate Abilities, Weirdness & Mutations

You are a tree.
Your roots penetrate the ground, keeping you stationary.
You cannot be teleported.
You are immune to unholy pain and torment.
Your maximum health is greatly increased.
Your equipment is partially melded.
((You are very nimble when in or above water. (Stealth+, EV+, Speed+++)))
((Your lower body shifts to a powerful aquatic tail in water.))


Message History

Increase (S)trength, (I)ntelligence, or (D)exterity?
You feel stronger. x2
There are monsters nearby!
The goblin hits you with a +0 dagger.
Robin says, "My army is invincible!"
Robin throws the goblin at you!
You see here a +0 club.
The goblin hits you with a +0 club. The goblin barely misses you.
There is a stone staircase leading down here.
Unknown command.
You block the goblin's attack. The goblin hits you with a +0 dagger.
* * * LOW HITPOINT WARNING * * *
You climb downwards.
The adder hisses angrily.
Found 17 gold pieces.
There is a stone staircase leading up here.
You puncture the goblin!
You kill the goblin!
The goblin hits you with a +0 dagger.
* * * LOW HITPOINT WARNING * * *
It was a potion of lignification.
You turn into a tree.
Your +0 scale mail melds into your body.
Your roots penetrate the ground.
The goblin hits you but does no damage.
It was a potion of resistance.
You feel protected. The goblin hits you but does no damage.
You barely miss the goblin. The goblin hits you but does no damage.
You puncture the goblin!
You kill the goblin!
The adder bites you.
* * * LOW HITPOINT WARNING * * *
You closely miss the adder. The adder bites you but does no damage.
You barely miss the adder. The adder bites you but does no damage.
The adder barely misses you.
You closely miss the adder. The adder bites you but does no damage.
The adder bites you.
* * * LOW HITPOINT WARNING * * *
You miss the adder. The adder bites you.
You die...

###
#♣#
#)S.#
###.#
..$
...
.....
....
....


You could see an adder.

Vanquished Creatures
  A dart slug (D:1)
  A ball python (D:1)
  2 endoplasms (D:1)
  10 goblins
  2 hobgoblins (D:1)
  A quokka (D:1)
  A frilled lizard (D:1)
  A kobold (D:1)
  A rat (D:1)
20 creatures vanquished.

Notes
Turn   | Place    | Note
-------+----------+-------------------------------------------
     0 | D:1      | HotDog the Merfolk Fighter began the quest for the Orb.
     0 | D:1      | Reached XP level 1. HP: 18/18 MP: 1/1
   337 | D:1      | Reached XP level 2. HP: 24/24 MP: 2/2
  1192 | D:2      | Noticed Robin
  1200 | D:2      | Reached XP level 3. HP: 21/29 MP: 3/3
  1214 | D:3      | HP: 2/43 [adder (2)]
  1215 | D:3      | Slain by an adder

Illustrated notes

Levels and vault maps discovered:
D:1:      minmay_arrival_widening_spiral_narrow, layout_loops_ring,
          minmay_pentomino_t4
D:2:      layout_loops_corners, shapermc_ecumenical_altar_acropolis, uniq_robin
D:3:      layout_basic, lemuel_zombie_altar_kikubaaqudgha, uniq_natasha

Skill      XL: |  1  2 |
---------------+-------+-----
Polearms       | 3 |  3.0
Fighting       | |  3.6
Armour         | |  2.3
Dodging        | |  0.7
Shields        | |  3.3
Invocations    | |  0.7

Action                   || total
-------------------------++-------
Melee: Trident           ||    58
  Use: Potion            ||     2
Armor: Scale mail        ||    13
       Skin              ||     6
Dodge: Dodged            ||    20
Block: Buckler           ||    11

Table legend: (Time is in decaauts)
 A = Elapsed time spent in this place.
 B = Non-inter-level travel time spent in this place.
 C = Inter-level travel time spent in this place.
 D = Time resting spent in this place.
 E = Time spent auto-exploring this place.
 F = Levels seen in this place.
 G = Mean time per level.
                   A        B        C        D        E       F      G
               +--------+--------+--------+--------+--------+-----+--------+
         Total |   1225 |   1225 |      0 |      0 |   1078 |   3 |  408.3 |
       Dungeon |   1225 |   1225 |      0 |      0 |   1078 |   3 |  408.3 |
               +--------+--------+--------+--------+--------+-----+--------+

Top non-repeatable levels by time:
     D:1: 1047 daAuts
     D:2: 168 daAuts
     D:3: 10 daAuts
